AoeStats
← Fingolfin

Black Forest

510081232Analyzed
4v4 RM · 2d ago on Sep 29, 2026· 60m 16s· 8 players
Game mode
Random Map
Map size
Large (8 player)
Population
200
Speed
Normal
Resources
Standard
Victory
Conquest
Starting age
Dark Age
Ending age
Imperial Age
RankedLock teamsTeams togetherTeam positionsShared explorationLock speedFull tech treeHidden civsTurbo modeCheats
Victory
Defeat
🇨🇳 Byzantines · China
845
+16
🇨🇱 Turks · Chile
831
+17
🇦🇺 Varangians · Australia
823
+17
🇧🇷 Cumans · Brazil
736
+21
🇭🇰 Shu · Hong Kong SAR China
921
-21
🇹🇷 Britons · Türkiye
889
-19
🇹🇼 Byzantines · Taiwan
866
-35
🇹🇷 Turks · Türkiye
709
-12
Alfakong
0:27 Loom
14:21 Feudal Age
15:11 Double-Bit Axe
15:19 Gold Mining
20:51 Castle Age
20:05 Town Watch
22:17 Bow Saw
24:10 Gold Shaft Mining
23:48 Horse Collar
28:46 Imperial Age
28:41 Heavy Plow
29:53 Wheelbarrow
37:53 Hand Cart
40:29 Two-Man Saw
42:08 Stone Mining
42:14 Fishing Lines
43:11 Gillnets
43:58 Redemption
43:59 Fervor
48:53 Town Patrol
49:36 Scale Barding Armor
49:55 Cavalier
50:36 Husbandry
52:48 Bloodlines
53:04 Caravan
54:09 Chain Barding Armor
ser jon bon jovi
1:45 Loom
15:12 Feudal Age
15:43 Double-Bit Axe
18:52 Wheelbarrow
22:26 Castle Age
21:21 Scale Barding Armor
22:54 Horse Collar
23:53 Bow Saw
24:51 Heavy Plow
25:54 Stone Mining
26:47 Gold Mining
28:17 Husbandry
29:34 Town Watch
30:27 Stone Shaft Mining
30:27 Forging
34:25 Hand Cart
39:17 Imperial Age
37:22 Bloodlines
37:47 Chain Barding Armor
39:59 Fletching
42:24 Scale Mail Armor
43:01 Plate Barding Armor
42:54 Cavalier
44:25 Bodkin Arrow
45:12 Iron Casting
57:20 Light Cavalry
Rique
0:28 Loom
11:17 Feudal Age
11:42 Horse Collar
11:48 Double-Bit Axe
15:17 Gold Mining
15:20 Stone Mining
23:38 Castle Age
26:23 Wheelbarrow
25:56 Town Watch
26:59 Bow Saw
27:26 Gold Shaft Mining
26:56 Heavy Plow
27:49 Caravan
28:35 Hand Cart
28:21 Town Patrol
31:20 Fervor
35:22 Imperial Age
33:06 Fletching
33:45 Ballistics
34:02 Masonry
33:53 Murder Holes
35:23 Arson
35:38 Squires
35:00 Pikeman
35:00 Man-at-Arms
35:49 Thumb Ring
35:04 Crossbowman
35:05 Elite Skirmisher
35:51 Steppe Husbandry
37:42 Chemistry
37:05 Elite Kipchak
38:07 Conscription
40:34 Hoardings
40:04 Cuman Mercenaries
39:48 Long Swordsman
39:51 Halberdier
40:22 Two-Handed Swordsman
41:50 Forging
41:40 Scale Mail Armor
41:36 Bodkin Arrow
41:42 Padded Archer Armor
42:08 Champion
44:34 Iron Casting
44:15 Chain Mail Armor
44:15 Guilds
44:36 Coinage
44:57 Leather Archer Armor
46:49 Blast Furnace
51:19 Plate Mail Armor
51:20 Ring Archer Armor
52:01 Scale Barding Armor
52:00 Elite Steppe Lancer
52:08 Cavalier
52:59 Bloodlines
53:37 Bloodlines
60:02 Spies/Treason
Kevin
0:27 Loom
12:55 Feudal Age
16:48 Castle Age
14:57 Double-Bit Axe
15:54 Horse Collar
21:44 Heavy Plow
23:33 Wheelbarrow
25:52 Bow Saw
26:07 Forging
26:02 Scale Barding Armor
26:17 Stone Mining
26:18 Gold Mining
28:20 Stone Shaft Mining
28:20 Gold Shaft Mining
29:43 Scale Mail Armor
29:33 Fletching
29:44 Padded Archer Armor
30:19 Iron Casting
30:48 Chain Barding Armor
31:31 Hand Cart
33:52 Imperial Age
31:46 Caravan
32:06 Bodkin Arrow
32:27 Leather Archer Armor
32:28 Chain Mail Armor
33:58 Ballistics
33:48 Fortified Wall
35:25 Crop Rotation
35:56 Two-Man Saw
35:36 Plate Barding Armor
35:01 Bracer
35:31 Conscription
35:20 Treadmill Crane
36:40 Chemistry
36:18 Ring Archer Armor
36:27 Elite Cataphract
37:59 Logistica
37:32 Crossbowman
38:17 Thumb Ring
39:45 Husbandry
39:27 Arbalester
44:09 Plate Mail Armor
Dmitry Petrovich
13:56 Feudal Age
12:12 Loom
14:01 Feudal Age
20:35 Castle Age
18:21 Man-at-Arms
21:03 Long Swordsman
22:35 Forging
26:13 Treadmill Crane
26:55 Caravan
27:22 Horse Collar
27:36 Gold Mining
27:38 Stone Mining
29:09 Scale Mail Armor
30:19 Coinage
30:44 Fletching
30:55 Padded Archer Armor
32:33 Wheelbarrow
31:44 Town Watch
39:58 Imperial Age
38:35 Iron Casting
38:16 Chain Mail Armor
39:58 Ballistics
39:35 Murder Holes
39:51 Masonry
42:38 Fortified Wall
42:01 Elite Janissary
42:38 Bodkin Arrow
42:59 Leather Archer Armor
Fingolfin
0:27 Loom
11:28 Feudal Age
14:50 Double-Bit Axe
23:00 Castle Age
21:59 Fletching
23:00 Stone Mining
22:54 Fishing Lines
23:12 Horse Collar
24:53 Bodkin Arrow
25:55 Bow Saw
31:03 Squires
33:32 Wheelbarrow
33:15 Gold Mining
33:52 Padded Archer Armor
33:45 Gambesons
33:49 Elite Skirmisher
36:01 Gold Shaft Mining
39:01 Imperial Age
37:42 Gillnets
38:13 Hand Cart
38:03 Pikeman
39:42 Leather Archer Armor
39:27 Scale Mail Armor
39:38 Forging
40:05 Conscription
39:26 Halberdier
40:24 Halberdier
42:58 Chain Mail Armor
chenleo20061102
2:28 Loom
14:25 Feudal Age
15:01 Horse Collar
15:11 Double-Bit Axe
22:18 Castle Age
22:24 Gold Mining
23:05 Gambesons
23:22 Squires
25:08 Stone Mining
34:16 Imperial Age
31:51 Scale Mail Armor
35:28 Wheelbarrow
35:09 Heavy Plow
35:40 Caravan
36:06 Bow Saw
35:44 Capped Ram
37:16 Fletching
38:22 Conscription
38:47 Gold Shaft Mining
39:58 Elite Varangian Guard
51:33 Logistica
51:40 Forging
ccpui1203
1:19 Loom
11:43 Feudal Age
13:10 Double-Bit Axe
16:31 Castle Age
17:29 Wheelbarrow
21:15 Fishing Lines
26:08 Bow Saw
26:02 Stone Mining
26:09 Gillnets
31:21 Imperial Age
29:07 Hand Cart
29:13 Hand Cart
28:43 Town Watch
29:40 Fletching
29:50 Padded Archer Armor
29:48 Treadmill Crane
30:29 Ballistics
30:00 Heated Shot
30:20 Masonry
30:42 Bodkin Arrow
30:46 Gold Mining
31:42 Murder Holes
32:02 Thumb Ring
31:17 Crossbowman
33:00 Arson
33:15 Squires
32:36 Pikeman
33:18 Bracer
33:33 Leather Archer Armor
34:56 Chemistry
33:41 Arrowslits
34:27 Architecture
34:03 Siege Engineers
34:08 Fortified Wall
35:18 Two-Man Saw
34:57 Gold Shaft Mining
34:15 Arbalester
34:48 Horse Collar
35:49 Ring Archer Armor
35:30 Forging
35:20 Scale Mail Armor
35:25 Town Patrol
36:36 Bolt Magazine
36:57 Conscription
37:50 Coiled Serpent Array
37:18 Halberdier
38:00 Heavy Plow
Connection lost

Rejoining the realm…

Still unreachable

The connection could not be restored.

Session expired

The server has moved on; the page needs a fresh start.